| TOP OF THE 1ST |
|
Greenville Spinners batting - Pitching for Sumter Gamecocks : LHP Daniel Ortega
|
|
Pitching: LHP Daniel Ortega
|
|
|
Batting: RHB Tony Russell
|
0-0: Fly out, F8 (Flyball, 8LXD, EV 87.5 MPH)
|
|
Batting: LHB John Edmonds
|
0-0: Called Strike 0-1: Called Strike 0-2: Ball 1-2: Fly out, F9 (Flyball, 9S, EV 79.4 MPH)
|
|
Batting: RHB Byron Peyton
|
0-0: Foul Ball, location: 2F 0-1: Ball 1-1: Foul Ball, location: 2F 1-2: Ball 2-2: Fly out, F4 (Line Drive, 4, EV 66.9 MPH)
|
| Top of the 1st over - 0 runs, 0 hits, 0 errors, 0 left on base; Greenville 0 - Sumter 0 |
| BOTTOM OF THE 1ST |
|
Sumter Gamecocks batting - Pitching for Greenville Spinners : RHP Tony Pedroza
|
|
Pitching: RHP Tony Pedroza
|
|
|
Batting: SHB John Cangelosi
|
0-0: Ball 1-0: Foul Ball, location: 2F 1-1: Swinging Strike 1-2: Strikes out looking
|
|
Batting: LHB Antonio Tapia
|
0-0: Ball 1-0: Ball 2-0: Ball 3-0: Base on Balls
|
|
Batting: RHB Randy Washington
|
0-0: Ball 1-0: Ball 2-0: Called Strike 2-1: Foul Ball, location: 2F 2-2: Foul Ball, location: 2F 2-2: Ball 3-2: Ground out 5-3 (Groundball, 56S, EV 90.6 MPH) Antonio Tapia to second
|
|
Batting: RHB Ron Shepherd
|
0-0: Swinging Strike 0-1: Ball 1-1: DOUBLE (Flyball, 89XD, EV 96.3 MPH) Antonio Tapia scores
|
|
Batting: LHB Mark Gerard
|
0-0: Swinging Strike 0-1: Ball 1-1: Fly out, F8 (Flyball, 8RXD, EV 97.5 MPH)
|
| Bottom of the 1st over - 1 run, 1 hit, 0 errors, 1 left on base; Greenville 0 - Sumter 1 |
| TOP OF THE 2ND |
|
Greenville Spinners batting - Pitching for Sumter Gamecocks : LHP Daniel Ortega
|
|
Batting: RHB Glenn Robertson
|
0-0: Ball 1-0: Ball 2-0: Ground out 6-3 (Groundball, 6, EV 91.9 MPH)
|
|
Batting: RHB Ronald Carapezzi
|
0-0: Foul Ball, location: 2F 0-1: Called Strike 0-2: Ball 1-2: Ball 2-2: Strikes out swinging
|
|
Batting: RHB Michael McEvilly
|
0-0: Swinging Strike 0-1: SOLO HOME RUN (Line Drive, 78XD, EV 101.3 MPH), Distance : 407 ft
|
|
Batting: RHB Darrell Woodard
|
0-0: Ball 1-0: Called Strike 1-1: Foul Ball, location: 2F 1-2: Strikes out looking
|
| Top of the 2nd over - 1 run, 1 hit, 0 errors, 0 left on base; Greenville 1 - Sumter 1 |
| BOTTOM OF THE 2ND |
|
Sumter Gamecocks batting - Pitching for Greenville Spinners : RHP Tony Pedroza
|
|
Batting: RHB Kelly Gruber
|
0-0: Ball 1-0: Ball 2-0: Swinging Strike 2-1: Called Strike 2-2: Foul Ball, location: 2F 2-2: Strikes out swinging
|
|
Batting: RHB Jerry Hidalgo
|
0-0: Swinging Strike 0-1: Ball 1-1: Swinging Strike 1-2: Foul Ball, location: 2F 1-2: Ball 2-2: DOUBLE (Line Drive, 7LS, EV 112.5 MPH)
|
|
Batting: LHB Rick Siriano
|
0-0: Foul Ball, location: 2F 0-1: Called Strike 0-2: Ball 1-2: Ball 2-2: Foul Ball, location: 2F 2-2: SINGLE (Groundball, P, EV 82.5 MPH) (infield hit) Jerry Hidalgo to third
|
|
Batting: RHB Aldo Bagiotti
|
0-0: Ball 1-0: Foul Ball, location: 2F 1-1: Foul Ball, location: 2F 1-2: Foul Ball, location: 2F 1-2: Strikes out swinging
|
|
Batting: SHB John Cangelosi
|
0-0: Ball 1-0: Fly out, F4 (Popup, 34S, EV 60.6 MPH)
|
| Bottom of the 2nd over - 0 runs, 2 hits, 0 errors, 2 left on base; Greenville 1 - Sumter 1 |
| TOP OF THE 3RD |
|
Greenville Spinners batting - Pitching for Sumter Gamecocks : LHP Daniel Ortega
|
|
Batting: RHB Luis Salazar
|
0-0: Called Strike 0-1: Ball 1-1: Called Strike 1-2: Ground out 6-3 (Groundball, 6, EV 88.8 MPH)
|
|
Batting: LHB Russell Getter
|
0-0: Ball 1-0: Ball 2-0: Ball 3-0: Called Strike 3-1: Base on Balls
|
|
Batting: RHB Tony Russell
|
0-0: Ball 1-0: Swinging Strike 1-1: Called Strike 1-2: Ball 2-2: Ball 3-2: Base on Balls Russell Getter to second
|
|
Batting: LHB John Edmonds
|
0-0: Foul Ball, location: 2F 0-1: Foul Ball, location: 2F 0-2: Foul Ball, location: 2F 0-2: Fly out, F7 (Flyball, 7LS, EV 79.4 MPH)
|
|
Batting: RHB Byron Peyton
|
0-0: Ball 1-0: Ball 2-0: Called Strike 2-1: SINGLE (Groundball, 5D, EV 100.6 MPH) Russell Getter to third Tony Russell to second Runner from 3rd tries for Home, SAFE, throw by LF to home
|
|
Batting: RHB Glenn Robertson
|
0-0: Ball 1-0: Called Strike 1-1: Called Strike 1-2: Ball 2-2: Ball 3-2: Foul Ball, location: 2F 3-2: Base on Balls Tony Russell to third Byron Peyton to second
|
|
Batting: RHB Ronald Carapezzi
|
0-0: Called Strike 0-1: Ball 1-1: Foul Ball, location: 2F 1-2: Strikes out swinging
|
| Top of the 3rd over - 1 run, 1 hit, 0 errors, 3 left on base; Greenville 2 - Sumter 1 |
| BOTTOM OF THE 3RD |
|
Sumter Gamecocks batting - Pitching for Greenville Spinners : RHP Tony Pedroza
|
|
Batting: LHB Antonio Tapia
|
0-0: Called Strike 0-1: Ground out 5-3 (Groundball, 56, EV 101.3 MPH)
|
|
Batting: RHB Randy Washington
|
0-0: Fly out, F7 (Flyball, 78XD, EV 106.9 MPH)
|
|
Batting: RHB Ron Shepherd
|
0-0: Called Strike 0-1: Ball 1-1: Fly out, F9 (Flyball, 89M, EV 93.8 MPH)
|
| Bottom of the 3rd over - 0 runs, 0 hits, 0 errors, 0 left on base; Greenville 2 - Sumter 1 |
| TOP OF THE 4TH |
|
Greenville Spinners batting - Pitching for Sumter Gamecocks : LHP Daniel Ortega
|
|
Batting: RHB Michael McEvilly
|
0-0: Ball 1-0: Fly out, F9 (Flyball, 9D, EV 94.4 MPH)
|
|
Batting: RHB Darrell Woodard
|
0-0: Ball 1-0: Called Strike 1-1: SINGLE (Groundball, 6MS, EV 65.6 MPH) (infield hit)
|
|
Batting: RHB Luis Salazar
|
0-0: Fielders Choice at 2nd, 6-4 (Groundball, 6, EV 100.0 MPH)
|
|
Batting: LHB Russell Getter
|
0-0: Fly out, F7 (Flyball, 7S, EV 91.3 MPH)
|
| Top of the 4th over - 0 runs, 1 hit, 0 errors, 1 left on base; Greenville 2 - Sumter 1 |
| BOTTOM OF THE 4TH |
|
Sumter Gamecocks batting - Pitching for Greenville Spinners : RHP Tony Pedroza
|
|
Batting: LHB Mark Gerard
|
0-0: Called Strike 0-1: Fly out, F9 (Line Drive, 9, EV 100.0 MPH)
|
|
Batting: RHB Kelly Gruber
|
0-0: Ball 1-0: Called Strike 1-1: Ball 2-1: Ball 3-1: Ground out U3 (Groundball, 3S, EV 63.1 MPH)
|
|
Batting: RHB Jerry Hidalgo
|
0-0: Ball 1-0: Foul Ball, location: 2F 1-1: Foul Ball, location: 2F 1-2: Ball 2-2: Strikes out swinging
|
| Bottom of the 4th over - 0 runs, 0 hits, 0 errors, 0 left on base; Greenville 2 - Sumter 1 |
| TOP OF THE 5TH |
|
Greenville Spinners batting - Pitching for Sumter Gamecocks : LHP Daniel Ortega
|
|
Batting: RHB Tony Russell
|
0-0: SINGLE (Flyball, 9S, EV 91.9 MPH)
|
|
Batting: LHB John Edmonds
|
0-0: Swinging Strike 0-1: Called Strike 0-2: Ball Tony Russell steals 2nd base 1-2: Foul Ball, location: 2F 1-2: Ball 2-2: Ball 3-2: Strikes out swinging
|
|
Batting: RHB Byron Peyton
|
0-0: Ball 1-0: Ball 2-0: Called Strike 2-1: Called Strike 2-2: Ball 3-2: Base on Balls
|
|
Batting: RHB Glenn Robertson
|
0-0: Ball Tony Russell steals 3rd base (no throw) 1-0: Called Strike 1-1: Called Strike 1-2: Foul Ball, location: 2F 1-2: SINGLE (Flyball, 78S, EV 91.9 MPH) Tony Russell scores Byron Peyton to second
|
|
Batting: RHB Ronald Carapezzi
|
0-0: Called Strike 0-1: Ball 1-1: Ball 2-1: Ball 3-1: Base on Balls Byron Peyton to third Glenn Robertson to second
|
|
Batting: RHB Michael McEvilly
|
0-0: Ball 1-0: Ball 2-0: Called Strike 2-1: Swinging Strike 2-2: DOUBLE (Flyball, 8LXD, EV 96.9 MPH) Byron Peyton scores Glenn Robertson scores Ronald Carapezzi to third Runner from 3rd tries for Home, SAFE, no throw by CF
|
|
Pitching: RHP Todd Fischer
|
|
|
Batting: RHB Darrell Woodard
|
0-0: Ball 1-0: Ball 2-0: Foul Ball, location: 2F 2-1: Ball 3-1: Fly out, F4 (Line Drive, 4, EV 70.0 MPH)
|
|
Batting: RHB Luis Salazar
|
0-0: Ground out U3 (Groundball, 34, EV 81.3 MPH)
|
| Top of the 5th over - 4 runs, 3 hits, 0 errors, 1 left on base; Greenville 6 - Sumter 1 |
| BOTTOM OF THE 5TH |
|
Sumter Gamecocks batting - Pitching for Greenville Spinners : RHP Tony Pedroza
|
|
Batting: LHB Rick Siriano
|
0-0: Swinging Strike 0-1: Foul Ball, location: 2F 0-2: Ball 1-2: Foul Ball, location: 2F 1-2: Foul Ball, location: 2F 1-2: Fly out, F8 (Flyball, 8RD, EV 97.5 MPH)
|
|
Batting: RHB Aldo Bagiotti
|
0-0: Ground out 4-3 (Groundball, 4, EV 102.5 MPH)
|
|
Batting: SHB John Cangelosi
|
0-0: Ball 1-0: Ball 2-0: Ball 3-0: Called Strike 3-1: Base on Balls
|
|
Batting: LHB Antonio Tapia
|
0-0: Ball 1-0: Called Strike 1-1: Swinging Strike 1-2: Ball 2-2: Foul Ball, location: 2F 2-2: Ball John Cangelosi steals 2nd, throwing error, E2 John Cangelosi to third 3-2: Base on Balls
|
|
Batting: RHB Randy Washington
|
0-0: Ball 1-0: Foul Ball, location: 2F 1-1: Ball 2-1: Ground out 4-3 (Groundball, 34, EV 77.5 MPH)
|
| Bottom of the 5th over - 0 runs, 0 hits, 1 error, 2 left on base; Greenville 6 - Sumter 1 |
| TOP OF THE 6TH |
|
Greenville Spinners batting - Pitching for Sumter Gamecocks : RHP Todd Fischer
|
|
Batting: LHB Russell Getter
|
0-0: DOUBLE (Groundball, 5L, EV 106.9 MPH)
|
|
Batting: RHB Tony Russell
|
0-0: Called Strike Balk! Russell Getter to third 0-1: Ball 1-1: Ball 2-1: Swinging Strike 2-2: Ground out 5-3 (Groundball, 5, EV 103.8 MPH)
|
|
Batting: LHB John Edmonds
|
0-0: Ball 1-0: Foul Ball, location: 2F 1-1: Ground out 5-3 (Groundball, 56S, EV 84.4 MPH) Russell Getter scores
|
|
Batting: RHB Byron Peyton
|
0-0: Called Strike 0-1: Ball 1-1: Ball 2-1: Swinging Strike 2-2: Foul Ball, location: 2F 2-2: Foul Ball, location: 2F 2-2: Strikes out looking
|
| Top of the 6th over - 1 run, 1 hit, 0 errors, 0 left on base; Greenville 7 - Sumter 1 |
| BOTTOM OF THE 6TH |
|
Sumter Gamecocks batting - Pitching for Greenville Spinners : RHP Tony Pedroza
|
|
Batting: RHB Ron Shepherd
|
0-0: Ball 1-0: Called Strike 1-1: Ball 2-1: Called Strike 2-2: Foul Ball, location: 2F 2-2: Strikes out looking
|
|
Batting: LHB Mark Gerard
|
0-0: Ball 1-0: Foul Ball, location: 2F 1-1: Ball 2-1: Foul Ball, location: 2F 2-2: Ball 3-2: Fly out, F9 (Flyball, 89D, EV 111.3 MPH)
|
|
Batting: RHB Kelly Gruber
|
0-0: Called Strike 0-1: Ball 1-1: Ground out 6-3 (Groundball, 56D, EV 86.9 MPH)
|
| Bottom of the 6th over - 0 runs, 0 hits, 0 errors, 0 left on base; Greenville 7 - Sumter 1 |
| TOP OF THE 7TH |
|
Greenville Spinners batting - Pitching for Sumter Gamecocks : RHP Todd Fischer
|
|
Batting: RHB Glenn Robertson
|
0-0: Ball 1-0: Ball 2-0: Ground out 5-3 (Groundball, 56S, EV 86.9 MPH)
|
|
Batting: RHB Ronald Carapezzi
|
0-0: Called Strike 0-1: Foul Ball, location: 2F 0-2: Ball 1-2: Ball 2-2: Strikes out swinging
|
|
Batting: RHB Michael McEvilly
|
0-0: Called Strike 0-1: Called Strike 0-2: Strikes out looking
|
| Top of the 7th over - 0 runs, 0 hits, 0 errors, 0 left on base; Greenville 7 - Sumter 1 |
| BOTTOM OF THE 7TH |
|
Sumter Gamecocks batting - Pitching for Greenville Spinners : RHP Tony Pedroza
|
|
Batting: RHB Jerry Hidalgo
|
0-0: Foul Ball, location: 2F 0-1: Fly out, F2 (Popup, 23F, EV 86.3 MPH)
|
|
Batting: LHB Rick Siriano
|
0-0: Called Strike 0-1: Swinging Strike 0-2: Ball 1-2: Ball 2-2: Fly out, F9 (Line Drive, 9, EV 101.3 MPH)
|
|
Batting: RHB Aldo Bagiotti
|
0-0: Foul Ball, location: 2F 0-1: Foul Ball, location: 2F 0-2: Ground out U3 (Groundball, 3, EV 103.8 MPH)
|
| Bottom of the 7th over - 0 runs, 0 hits, 0 errors, 0 left on base; Greenville 7 - Sumter 1 |
| TOP OF THE 8TH |
|
Greenville Spinners batting - Pitching for Sumter Gamecocks : RHP Todd Fischer
|
|
Batting: RHB Darrell Woodard
|
0-0: Called Strike 0-1: Called Strike 0-2: Ball 1-2: Ball 2-2: Foul Ball, location: 2F 2-2: Strikes out looking
|
|
Batting: RHB Luis Salazar
|
0-0: SINGLE (Groundball, 56, EV 96.3 MPH) (infield hit)
|
|
Batting: LHB Russell Getter
|
0-0: Ball 1-0: Fly out, F6 (Popup, 6, EV 63.1 MPH)
|
|
Batting: RHB Tony Russell
|
0-0: Called Strike 0-1: Called Strike 0-2: Ball Luis Salazar steals 2nd base (no throw) 1-2: SINGLE (Groundball, 6MD, EV 100.0 MPH) Luis Salazar to third Runner from 3rd tries for Home, SAFE, throw by CF to home
|
|
Batting: LHB John Edmonds
|
0-0: Ball 1-0: Ball 2-0: Ball 3-0: Base on Balls Tony Russell to second
|
|
Batting: RHB Byron Peyton
|
0-0: Ball 1-0: Ball 2-0: Called Strike 2-1: Foul Ball, location: 2F 2-2: Ball 3-2: Base on Balls Tony Russell to third John Edmonds to second
|
|
Pitching: RHP Dave Wareham
|
|
|
Pinch Hitting: SHB Michael Kennedy
|
0-0: Foul Ball, location: 2F 0-1: Ball 1-1: Ball 2-1: Fielders Choice at 2nd, 6-4 (Groundball, 6, EV 87.5 MPH)
|
| Top of the 8th over - 1 run, 2 hits, 0 errors, 3 left on base; Greenville 8 - Sumter 1 |
| BOTTOM OF THE 8TH |
|
Sumter Gamecocks batting - Pitching for Greenville Spinners : RHP Tony Pedroza
|
|
Now at 2B: Michael Kennedy
|
|
|
Batting: SHB John Cangelosi
|
0-0: Called Strike 0-1: Foul Ball, location: 2F 0-2: Ball 1-2: Foul Ball, location: 2F 1-2: Ground out 6-3 (Groundball, 6, EV 85.0 MPH)
|
|
Pinch Hitting: RHB Johnny Vestal
|
0-0: Called Strike 0-1: Foul Ball, location: 2F 0-2: Strikes out swinging
|
|
Batting: RHB Randy Washington
|
0-0: Fly out, F9 (Flyball, 89S, EV 93.8 MPH)
|
| Bottom of the 8th over - 0 runs, 0 hits, 0 errors, 0 left on base; Greenville 8 - Sumter 1 |
| TOP OF THE 9TH |
|
Greenville Spinners batting - Pitching for Sumter Gamecocks : RHP Dave Wareham
|
|
Now at 2B: Johnny Vestal
|
|
|
Batting: RHB Ronald Carapezzi
|
0-0: Ball 1-0: Ball 2-0: Ball 3-0: Base on Balls
|
|
Batting: RHB Michael McEvilly
|
0-0: Fielders Choice at 2nd, 5-4 (Groundball, 56S, EV 83.8 MPH)
|
|
Batting: RHB Darrell Woodard
|
0-0: Ball 1-0: Ball 2-0: Ball 3-0: Called Strike 3-1: Fielders Choice at 2nd, 6-4 (Groundball, 6, EV 78.8 MPH)
|
|
Batting: RHB Luis Salazar
|
0-0: Called Strike 0-1: Ball 1-1: Called Strike 1-2: Fielders Choice at 2nd, 6-4 (Groundball, 6, EV 89.4 MPH)
|
| Top of the 9th over - 0 runs, 0 hits, 0 errors, 1 left on base; Greenville 8 - Sumter 1 |
| BOTTOM OF THE 9TH |
|
Sumter Gamecocks batting - Pitching for Greenville Spinners : RHP Tony Pedroza
|
|
Batting: RHB Ron Shepherd
|
0-0: Ball 1-0: Swinging Strike 1-1: Foul Ball, location: 2F 1-2: Ball 2-2: Ground out 5-3 (Groundball, 56, EV 81.9 MPH)
|
|
Batting: LHB Mark Gerard
|
0-0: Ball 1-0: Fly out, F7 (Flyball, 78M, EV 90.6 MPH)
|
|
Batting: RHB Kelly Gruber
|
0-0: Ball 1-0: Foul Ball, location: 2F 1-1: SINGLE (Groundball, 6MD, EV 95.6 MPH)
|
|
Batting: RHB Jerry Hidalgo
|
0-0: Foul Ball, location: 2F 0-1: Ball 1-1: Foul Ball, location: 2F 1-2: Ball 2-2: Foul Ball, location: 2F 2-2: Fly out, F4 (Popup, 4, EV 50.0 MPH)
|
| Bottom of the 9th over - 0 runs, 1 hit, 0 errors, 1 left on base; Greenville 8 - Sumter 1 |
|